 Dungeon Crawl Stone Soup version 0.30-a0-123-g91d0c66ccf (webtiles) character file.

Game seed: 9075696885202314437

6097 Zonian the Fanfare of Bloodshed (level 10, -3/77 (83) HPs)
             Began as a Demonspawn Gladiator on Sept 17, 2022.
             Was a Believer of Makhleb.
             Killed from afar by an acid dragon (36 damage)
             ... with a splash of acid
             ... on level 9 of the Dungeon.
             The game lasted 00:29:12 (16051 turns).

Zonian the Fanfare of Bloodshed (DsGl)             Turns: 16051, Time: 00:29:12

HP:   -3/77 (83)    AC: 16    Str: 17    XL:     10   Next: 58%
MP:   17/17         EV: 13    Int:  9    God:    Makhleb [**....]
Gold: 550           SH:  0    Dex: 17    Spells: 9/9 levels left

rFire   . . .      SeeInvis .    a - +2 trident (venom)
rCold   + . .      Faith    .    (no shield)
rNeg    . . .      Spirit   .    r - +0 troll leather armour
rPois   .          Reflect  .    c - +2 helmet
rElec   .          Harm     .    x - +0 cloak
rCorr   .          Rampage  .    (no gloves)
Will    .....                    (no boots)
Stlth   +.........               (no amulet)
HPRegen 1.02/turn                i - ring of flight
MPRegen 0.30/turn                g - ring of protection from cold

@: corroded, sanguine armoured, flying, drained
A: claws 1, powered by death 1, magic regeneration, sanguine armour 3
a: Renounce Religion, Minor Destruction


You were on level 9 of the Dungeon.
You worshipped Makhleb.
Makhleb was pleased with you.
You visited 1 branch of the dungeon, and saw 9 of its levels.

You collected 550 gold pieces.

Inventory:

Hand Weapons
 a - a +2 trident of venom (weapon)
 k - a +0 sling
Missiles
 e - 5 javelins
 j - 30 poisoned darts (quivered)
 v - 5 silver javelins
Armour
 b - a +0 leather armour
 c - a +2 helmet (worn)
 m - a +1 robe of willpower
 r - a +0 troll leather armour (worn)
 x - a +0 cloak (worn)
Jewellery
 g - a ring of protection from cold (right claw)
 i - a ring of flight (left claw)
 o - a ring of ice
 p - a ring of protection from cold
Wands
 f - a wand of light (4)
 h - a wand of digging (3)
 l - a wand of paralysis (16)
 n - a wand of mindburst (15)
 u - a wand of flame (9)
Scrolls
 q - 3 scrolls of enchant armour
 t - 3 scrolls of identify
Potions
 s - 2 potions of brilliance
 w - a potion of cancellation


   Skills:
 + Level 9.5 Fighting
 + Level 8.9 Polearms
 - Level 3.9 Throwing
 - Level 4.4 Dodging
 + Level 9.9 Invocations


You had 9 spell levels left.
You didn't know any spells.
Your spell library contained the following spells:

 Spells                   Type           Power      Damage    Failure   Level
 Freeze                   Ice            0%         1d3       45%         1
 Sandblast                Erth           0%         2d4       45%         1
 Passwall                 Tmut/Erth      0%         N/A       58%         2
 Frozen Ramparts          Ice            0%         1d1       83%         3
 Gell's Gravitas          Tloc           0%         N/A       83%         3
 Lesser Beckoning         Tloc           0%         N/A       83%         3
 Stone Arrow              Conj/Erth      0%         3d7       83%         3
 Teleport Other           Tloc           0%         N/A       83%         3
 Hailstorm                Conj/Ice       0%         3d3       99%         4
 Conjure Ball Lightning   Conj/Air       0%         3x3d6     100%        6
 Discord                  Hex            0%         N/A       100%        8
 Disjunction              Tloc           0%         N/A       100%        8


Dungeon Overview and Level Annotations

Branches:
Dungeon (9/15)             Temple (0/1) D:4
   Lair: D:8-11         Orc: D:9-12

Altars:
Cheibriados
Dithmenos
Fedhas
Kikubaaqudgha
Makhleb
Nemelex Xobeh
Qazlal
Ru
Uskayaw
Wu Jian

Shops:
D:6 *

Annotations:
D:5 3 runed translucent doors, Splishie's ghost, amateur GnWn
D:7 Dowan; Duvessa


Innate Abilities, Weirdness & Mutations

You have sharp fingernails.
You regenerate a little health from kills.
You regenerate magic rapidly.
When seriously injured, your blood forms very thick armour. (AC +12)


Message History

The acid dragon bites you. The acid dragon claws you.
Your blood congeals into armour.
You hit the acid dragon but do no damage.
The acid dragon is lightly wounded.
The acid dragon spits acid at you. The splash of acid hits you!!
The acid corrodes you!
You hear a shout! x2
You are too injured to fight recklessly!
You are too injured to fight recklessly!
Unknown command.
You hit the acid dragon but do no damage.
The acid dragon is lightly wounded.
The acid dragon barely misses you. The acid dragon misses you.
Throw: 30 darts (poison)
Press: ? - help, Q - select action, (/) - cycle Shift-Dir - straight line, f - acid dragon
Aim: an acid dragon (lightly wounded, catching its breath, 65% to hit)
Okay, then.
Throw: throwing net
Press: ? - help, Shift-Dir - straight line, f - acid dragon
Aim: an acid dragon (lightly wounded, catching its breath, 65% to hit)
You throw a throwing net. The throwing net hits the acid dragon.
The acid dragon is caught in the net!
The acid dragon is lightly wounded.
The acid dragon struggles against the net.
You hit the acid dragon.
The acid dragon is lightly wounded.
The acid dragon struggles against the net.
You catch the helpless acid dragon completely off-guard!
You puncture the acid dragon!
The acid dragon is heavily wounded.
The acid dragon struggles against the net.
You catch the helpless acid dragon completely off-guard!
You hit the acid dragon.
The acid dragon is severely wounded.
You strike the helpless acid dragon from behind!
You hit the acid dragon but do no damage.
The acid dragon is severely wounded.
The acid dragon spits acid at you. The splash of acid hits you!!!
You die...

. ....#..#.....# ..
....#........# ... ....
... ..## ....
...##.##...#### .....
#..#.#..#.....
......##.....##.....
....D....._......#### #
......##.....##.....# #
......#@.#.#..#.....# #
......D.##.##...#...# #
................#...# #
...#####.#####.##.#.####
.. ..#.....#..#.....
...#.....#..#.....
########..#..######
..............
..............


You could see an acid dragon (caught, catching breath).

Vanquished Creatures
  Pikel (D:7)
  Psyche (D:8)
  Maggie (D:7)
  A troll (D:9)
  Sigmund (D:2)
  3 yaks (D:9)
  Grum (D:8)
  Menkaure (D:5)
  3 steam dragons
  A water moccasin (D:7)
  An ice beast (D:7)
  A black bear (D:6)
  2 sky beasts (D:7)
  3 orc warriors
  A centaur (D:9)
  4 wolves (D:8)
  A lemure (D:7)
  A gnoll sergeant (D:7)
  3 kobold brigands
  A scorpion (D:5)
  3 bullfrogs (D:7)
  3 necrophages
  8 wights
  6 howler monkeys
  A crimson imp (D:4)
  5 hounds
  2 jellies (D:5)
  4 orc priests
  3 iguanas
  Natasha (twice) (D:3)
  9 orc wizards
  Robin (D:2)
  14 gnolls
  7 adders
  2 white imps
  A shadow imp (D:6)
  An ufetubus (D:5)
  A worm (D:2)
  A dart slug (D:3)
  24 orcs
  3 ball pythons (D:1)
  6 endoplasms
  6 giant cockroaches
  18 goblins
  5 hobgoblins (D:1)
  15 jackals
  30 kobolds
  5 quokkas
  3 bats (D:1)
  4 frilled lizards
  3 rats
  A spectral kobold (D:1)
229 creatures vanquished.

Vanquished Creatures (collateral kills)
  A phantom (D:4)
1 creature vanquished.

Vanquished Creatures (others)
  A fungus (D:5)
  5 plants
6 creatures vanquished.

Grand Total: 236 creatures vanquished

Notes
Turn   | Place    | Note
-------+----------+-------------------------------------------
     0 | D:1      | Zonian the Demonspawn Gladiator began the quest for the
                  | Orb.
     0 | D:1      | Reached XP level 1. HP: 16/16 MP: 1/1
   190 | D:1      | Gained mutation: You regenerate a little health from kills.
                  | [demonic ancestry]
   190 | D:1      | Reached XP level 2. HP: 20/22 MP: 2/2
   671 | D:1      | Reached XP level 3. HP: 28/28 MP: 3/3
   886 | D:1      | Found a faded altar of an unknown god.
  1396 | D:2      | Noticed Robin
  1427 | D:2      | Killed Robin
  1444 | D:2      | Gained mutation: When seriously injured, your blood forms
                  | armour. (AC +12) [demonic ancestry]
  1444 | D:2      | Reached XP level 4. HP: 31/34 MP: 4/4
  2534 | D:2      | Noticed Sigmund
  2554 | D:2      | Killed Sigmund
  2555 | D:2      | Gained mutation: You have sharp fingernails. [demonic
                  | ancestry]
  2555 | D:2      | Reached XP level 5. HP: 32/41 MP: 5/5
  3023 | D:2      | Gained mutation: When seriously injured, your blood forms
                  | thick armour. (AC +12) [demonic ancestry]
  3023 | D:2      | Reached XP level 6. HP: 47/47 MP: 6/6
  4474 | D:3      | Noticed Natasha
  4944 | D:3      | Killed Natasha
  5170 | D:3      | Noticed Natasha
  5179 | D:3      | Killed Natasha
  5514 | D:4      | Gained mutation: You regenerate magic rapidly. [demonic
                  | ancestry]
  5514 | D:4      | Reached XP level 7. HP: 40/54 MP: 7/7
  5584 | D:4      | Found an ornate altar of the Wu Jian Council.
  5667 | D:4      | Found a staircase to the Ecumenical Temple.
  6008 | D:4      | HP: 2/55 [orc priest/divine providence (12)]
  6314 | D:4      | Found a shadowy altar of Dithmenos.
  6314 | D:4      | Found a snail-covered altar of Cheibriados.
  6315 | D:4      | Found a sparkling altar of Nemelex Xobeh.
  6488 | D:5      | Entered Level 5 of the Dungeon
  6502 | D:5      | Found a burning altar of Makhleb.
  6515 | D:5      | Reached skill level 5 in Fighting
  6515 | D:5      | Reached skill level 5 in Polearms
  6535 | D:5      | Found a stormy altar of Qazlal.
  6536 | D:5      | Noticed a hornet
  6537 | D:5      | Noticed Splishie's ghost (amateur GnWn)
  6743 | D:5      | Found a blossoming altar of Fedhas.
  6825 | D:5      | Found a runed translucent gate.
  6825 | D:5      | Found a runed translucent gate.
  6825 | D:5      | Found a runed translucent gate.
  7405 | D:5      | Became a worshipper of Makhleb the Destroyer
  7741 | D:5      | Reached skill level 1 in Invocations
  7741 | D:5      | Reached XP level 8. HP: 51/63 MP: 8/8
  7865 | D:5      | Noticed Menkaure
  7882 | D:5      | Killed Menkaure
  8946 | D:6      | Reached * piety under Makhleb
  8951 | D:6      | Found Ymups's Fire Supplies.
  9704 | D:7      | Reached skill level 5 in Invocations
  9852 | D:7      | Noticed Duvessa
  9854 | D:7      | Noticed Dowan
 10161 | D:7      | Noticed Maggie
 10802 | D:7      | Gained mutation: When seriously injured, your blood forms
                  | very thick armour. (AC +12) [demonic ancestry]
 10802 | D:7      | Reached XP level 9. HP: 67/72 MP: 11/13
 10875 | D:6      | Noticed a rust devil
 10875 | D:6      | Noticed a rust devil
 11534 | D:7      | Killed Maggie
 12160 | D:7      | Noticed Pikel
 12173 | D:7      | Killed Pikel
 12607 | D:8      | Noticed Psyche
 12627 | D:8      | Killed Psyche
 12628 | D:8      | Reached XP level 10. HP: 51/82 MP: 16/16
 12714 | D:8      | Reached ** piety under Makhleb
 12961 | D:8      | Found a hide-covered altar of Uskayaw.
 12965 | D:8      | Found a sacrificial altar of Ru.
 13065 | D:8      | Noticed Grum
 13096 | D:8      | Killed Grum
 16025 | D:9      | Found an ancient bone altar of Kikubaaqudgha.
 16051 | D:9      | Killed from afar by an acid dragon

Illustrated notes

Levels and vault maps discovered:
D:1:      minmay_arrival_three_doors, layout_rooms,
          dreamdust_ecumenical_altar_drowned_temple, serial_forest,
          infiniplex_forest_zigzag_2, infiniplex_forest_lined_3,
          infiniplex_forest_pool, infiniplex_forest_zigzag_1
D:2:      layout_basic, uniq_sigmund, uniq_robin
D:3:      layout_basic, uniq_natasha
D:4:      layout_rooms, nicolae_overflow_crystal_walls,
          chequers_temple_overflow_statue_of_worship,
          minmay_temple_entry_statues_pillars, minmay_fire_ice_demons
D:5:      layout_basic, grunt_temple_overflow_forces_of_nature,
          lemuel_tele_altar, gammafunk_ghost_split, uniq_menkaure
D:6:      cheibrodos_iron_armory, layout_basic, nicolae_shop_fire_sale
          [nicolae_sub_dead_trees]
D:7:      layout_basic, abandoned_shop, uniq_pikel, uniq_maggie, uniq_duvessa
D:8:      layout_basic, minitemple, serial_aquarium, aquarium_bridge_square
          [aquarium_subvault_bridge, aquarium_subvault_wall,
          aquarium_subvault_bridge, aquarium_subvault_wall],
          aquarium_bridge_island_small [aquarium_subvault_small_open,
          aquarium_subvault_bridge, aquarium_subvault_bridge,
          aquarium_subvault_window, aquarium_subvault_wall],
          aquarium_window_corner, aquarium_window_2, aquarium_view_2e,
          st_stairs_7, uniq_grum, uniq_psyche
D:9:      layout_grid_maze, mainiacjoe_overflow_small_starburst,
          grunt_ministairs_6

Skill      XL: |  1  2  3  4  5  6  7  8  9 10 |
---------------+-------------------------------+-----
Throwing       | 2 3 |  3.9
Polearms       | 3 4 5 6 8 |  8.9
Dodging        | 3 4 |  4.4
Fighting       | 3 4 5 7 8 9 |  9.5
Invocations    | 1 5 8 9 |  9.9

Action                   |  1- 3 |  4- 6 |  7- 9 | 10-12 || total
-------------------------+-------+-------+-------+-------++-------
Melee: Trident           |   137 |   204 |   461 |   202 ||  1004
       Punch             |       |     7 |     5 |     1 ||    13
Throw: Throwing net      |     3 |     2 |     2 |     1 ||     8
       Dart              |       |     4 |     3 |     2 ||     9
  Use: Scroll            |       |    10 |    10 |     1 ||    21
       Potion            |       |       |     5 |     2 ||     7
 Stab: Sleeping          |     1 |     1 |     3 |       ||     5
       Held in net/web   |       |       |       |     3 ||     3
Armor: Leather armour    |    43 |    12 |       |       ||    55
       Robe              |       |    30 |    94 |    32 ||   156
       Skin              |       |       |    15 |       ||    15
       Troll leather arm |       |       |       |    12 ||    12
Dodge: Dodged            |    77 |   130 |   252 |   113 ||   572

Table legend: (Time is in decaauts)
 A = Elapsed time spent in this place.
 B = Non-inter-level travel time spent in this place.
 C = Inter-level travel time spent in this place.
 D = Time resting spent in this place.
 E = Time spent auto-exploring this place.
 F = Levels seen in this place.
 G = Mean time per level.
                   A        B        C        D        E       F      G
               +--------+--------+--------+--------+--------+-----+--------+
         Total |  16075 |  15635 |    440 |   8352 |   4554 |   9 | 1786.1 |
       Dungeon |  16075 |  15635 |    440 |   8352 |   4554 |   9 | 1786.1 |
               +--------+--------+--------+--------+--------+-----+--------+

Top non-repeatable levels by time:
     D:2: 2463 daAuts
     D:8: 1899 daAuts
     D:6: 1866 daAuts
     D:5: 1811 daAuts
     D:7: 1785 daAuts
     D:1: 1737 daAuts
     D:4: 1657 daAuts
     D:9: 1655 daAuts
     D:3: 1197 daAuts
